 Dungeon Crawl Stone Soup version 0.30-a0-989-g0d87f670db (webtiles) character file.

Game seed: 1624242611903411413

258095 billz999 the Warrior (level 18, -26/179 HPs)
             Began as a Demigod Ice Elementalist on Apr 1, 2023.
             Killed from afar by Nikola (55 damage)
             ... with an arc of chain lightning
             ... on level 1 of the Vaults on Apr 2, 2023.
             The game lasted 02:57:12 (59204 turns).

billz999 the Warrior (Demigod Ice Elementalist)    Turns: 59204, Time: 02:57:13

Health: -26/179    AC: 12    Str: 13    XL:     18   Next: 41%
Magic:  8/38       EV: 11    Int: 41    God:
Gold:   2423       SH: 17    Dex: 19    Spells: 7/39 levels left

rFire   + + .      SeeInvis .    N - staff of air
rCold   + + .      Faith    .    c - +3 kite shield {AC+3}
rNeg    . . .      Spirit   .    k - +2 robe {rC+ rF+}
rPois   .          Reflect  .    F - +0 helmet of Beogh's Envy {Dex+5}
rElec   +          Rampage  .    q - scarf {rC+ rF+}
rCorr   .                        S - +2 pair of gloves "Hynifre" {rF+ rC- Will+}
Will    ++...                    w - +0 pair of boots {Stlth+}
Stlth   +++                      W - amulet of magic regeneration
HPRegen 0.49/turn                r - ring of ice
MPRegen 0.66/turn                e - +6 ring of strength

@: studying Poison Magic
A: high MP 1, forlorn, divine attributes, robust 1, weak 1
}: 2/15 runes: decaying, gossamer
a: no special abilities


You were on level 1 of the Vaults.
You visited 6 branches of the dungeon, and saw 31 of its levels.
You also visited: Ice Cave.

You collected 3099 gold pieces.
You spent 676 gold pieces at shops.

Inventory:

Hand Weapons
 b - the +8 whip of Ranauma {venom, rC++ Dex+8}
   (You found it on level 2 of the Dungeon)

   Dex:       It affects your dexterity (+8).
   rC:        It greatly protects you from cold.
 y - the +2 demon whip of Stickiness {freeze, Str+2 Int-3 Stlth+}
   (You acquired it on level 2 of the Spider Nest)

   Str:       It affects your strength (+2).
   Int:       It affects your intelligence (-3).
   Stlth:     It makes you more stealthy.
 B - a +5 morningstar of protection
 V - the +10 whip of Charity {holy, rCorr}
   (You found it on level 1 of the Lair of Beasts)

   rCorr:     It protects you from acid and corrosion.
Missiles
 n - 20 curare-tipped darts
 A - 4 throwing nets
Armour
 c - a +3 kite shield of protection (worn)
 k - a +2 robe of resistance (worn)
 q - a scarf of resistance (worn)
 w - a +0 pair of boots of stealth (worn)
 F - the +0 helmet of Beogh's Envy (worn) {Dex+5}
   (You acquired it on level 2 of the Orcish Mines)

   Dex:       It affects your dexterity (+5).
 S - the +2 pair of gloves "Hynifre" (worn) {rF+ rC- Will+}
   (You acquired it on level 3 of the Spider Nest)

   rF:        It protects you from fire.
   rC:        It makes you vulnerable to cold.
   Will:      It increases your willpower.
 U - a +1 hat of see invisible
Magical Staves
 a - a staff of cold
 N - a staff of air (weapon)
Jewellery
 e - a +6 ring of strength (right hand)
 g - an amulet of regeneration
 r - a ring of ice (left hand)
 Q - the ring of Ahuivo {rCorr Str+5 Int-5}
   (You found it on level 15 of the Dungeon)

   [ring of resist corrosion]

   Str:       It affects your strength (+5).
   Int:       It affects your intelligence (-5).
   rCorr:     It protects you from acid and corrosion.
 W - an amulet of magic regeneration (around neck)
 Z - a ring of poison resistance
Wands
 h - a wand of polymorph (3)
 l - a wand of mindburst (15)
 t - a wand of digging (7)
 J - a wand of iceblast (23)
 T - a wand of light (4)
Scrolls
 j - 6 scrolls of teleportation
 m - 5 scrolls of fear
 p - 2 scrolls of fog
 s - a scroll of blinking
 u - 2 scrolls of magic mapping
 x - 5 scrolls of poison
 D - 8 scrolls of immolation
 H - 6 scrolls of silence
 O - 3 scrolls of summoning
Potions
 d - 10 potions of curing
 o - 6 potions of mutation
 v - 4 potions of lignification
 z - 2 potions of berserk rage
 C - 5 potions of brilliance
 E - 11 potions of might
 G - 6 potions of attraction
 I - 9 potions of heal wounds
 K - 5 potions of ambrosia
 L - 2 potions of magic
 P - a potion of resistance
 X - 7 potions of flight
 Y - 2 potions of cancellation
Miscellaneous
 f - a box of beasts
 i - a lightning rod (4/4)
 M - a phantom mirror
 R - a tin of tremorstones (2/2)


   Skills:
 - Level 15.2 Fighting
 + Level 11.5 Maces & Flails
 - Level 1.7 Dodging
 - Level 1.7 Stealth
 - Level 13.2 Shields
 - Level 11.2 Spellcasting
 - Level 5.9 Necromancy
 - Level 3.8 Fire Magic
 - Level 15.0 Ice Magic
 - Level 6.0 Earth Magic
 - Level 7.0 Poison Magic
 - Level 11.0 Evocations


You had 7 spell levels left.
You knew the following spells:

 Your Spells              Type           Power      Damage    Failure   Level
a - Freeze                Ice            100%       1d10      0%          1
b - Frozen Ramparts       Ice            100%       1d16      1%          3
c - Olgreb's Toxic Radia  Pois           69%        N/A       1%          4
d - Ozocubu's Refrigerat  Ice            60%        4d20      4%          7
e - Ignition              Fire           26%        3d9       100%        8
f - Borgnjor's Vile Clut  Necr/Erth      32%        N/A       7%          5
g - Dispel Undead         Necr           64%        3d22      2%          4

Your spell library contained the following spells:

 Spells                   Type           Power      Damage    Failure   Level
 Kiss of Death            Conj/Necr      100%       2d13      1%          1
 Necrotise                Necr           100%       1d9       1%          1
 Poisonous Vapours        Pois/Air       100%       N/A       1%          2
 Ozocubu's Armour         Ice            100%       N/A       1%          3
 Summon Ice Beast         Ice/Summ       91%        N/A       1%          4
 Apportation              Tloc           46%        N/A       2%          1
 Summon Small Mammal      Summ           92%        N/A       2%          1
 Stone Arrow              Conj/Erth      94%        3d12      2%          3
 Animate Dead             Necr           64%        N/A       2%          4
 Confusing Touch          Hex            23%        N/A       9%          3
 Gell's Gravitas          Tloc           23%        N/A       9%          3
 Portal Projectile        Hex/Tloc       46%        N/A       9%          3
 Swiftness                Air            34%        N/A       9%          3
 Teleport Other           Tloc           23%        N/A       9%          3
 Tukima's Dance           Hex            23%        N/A       9%          3
 Animate Armour           Summ/Erth      94%        N/A       9%          4
 Death Channel            Necr           32%        N/A       36%         6
 Blade Hands              Tmut           11%        N/A       61%         5
 Dispersal                Tloc           11%        N/A       99%         6
 Lehudib's Crystal Spear  Conj/Erth      23%        10d7      100%        8
 Maxwell's Capacitive Co  Air            17%        ∞         100%        8


Dungeon Overview and Level Annotations

Branches:
Dungeon (15/15)            Temple (0/1) D:6            Lair (5/5) D:9
  Swamp (4/4) Lair:3       Spider (4/4) Lair:2        Slime (0/5) Lair:4
    Orc (2/2) D:11            Elf (0/3) Orc:2        Vaults (1/5) D:13
 Depths (0/4) D:15          IceCv (visited)

Shops:
D:4 *   D:15 [   Orc:2 *:*?:   Vaults:1 *

Portals:
Abyss: Lair:5 Swamp:1
Trove: D:10 (give 7 scrolls of fear)

Annotations:
Lair:1 6 runed translucent doors
Lair:4 exclusion: 2 oklob plants
Swamp:1 2 transporters, LobsterGuardian's ghost, journeyman DsGl
Spider:2 1 runed translucent door, jasper's ghost, adept DsCA
Vaults:1 Nikola


Innate Abilities, Weirdness & Mutations

You have an increased reservoir of magic. (+10% MP)
You shall have no god before yourself.
Your divine heritage dramatically boosts your attributes as you level up.
You are robust. (+10% HP)
You are weak. (Str -2)


Message History

Unknown command.
Unknown command.
Casting: Ozocubu's Refrigeration (dangerous; 4% risk of failure)
Confirm with . or Enter, or press ? or * to list all spells.
You feel a surge of power!
The heat is drained from your surroundings.
The ironbound preserver is severely wounded.
You kill the deep troll! x2
Nikola is heavily wounded.
The ironbound preserver hits you with a +0 great mace!!
You block Nikola's attack.
Unknown command.
Unknown command.
Casting: Ozocubu's Refrigeration (dangerous; 4% risk of failure)
Confirm with . or Enter, or press ? or * to list all spells.
You don't have enough magic to cast this spell.
Unknown command.
You hit the ironbound preserver.
The ironbound preserver is electrocuted.
The ironbound preserver is severely wounded.
The ironbound preserver mumbles some strange words.
The ironbound preserver is healed somewhat.
Nikola casts a spell.
Lightning arcs from Nikola's hands!
The bolt of lightning hits you!!! You resist.
* * * LOW HITPOINT WARNING * * *
A bolt of lightning appears from out of thin air!
The bolt of lightning hits Nikola.
The bolt of lightning hits the ironbound preserver!
Unknown command.
You feel much better.
The ironbound preserver hits you with a +0 great mace!!
* * * LOW HITPOINT WARNING * * *
You block Nikola's attack.
The ironbound preserver gestures wildly while chanting.
The ironbound preserver begins to accept its allies' injuries.
Nikola gestures wildly while chanting.
Lightning arcs from Nikola's hands!
The bolt of lightning hits you!!! You resist.
You die...

*,,*,,,,,*,,* *,,*,,*,,*,,*
########,,.,***,,,,*
#......#,.#,,*,,*,,*
############......#,.#,,,,,*,,*
...........#.}....#..###,***,,*
...........#......#.....,,,,,,*
.###..###..#......'.....,,,,,,*
.###..###..#....@@#************
.##....##..'....).#
...........#.....p#
...........######[#*
.##....##..# *...# .###..###..#
*...# .#*#..#*#..# *#.>.#*
..,........# *.....*
..,........*
**.....#*###########


You could see Nikola (sheltered, poisoned) and an ironbound preserver
(poisoned).

Vanquished Creatures
  Arachne (Spider:3)
  Jorgrun (D:13)
  Mlioglotl (Swamp:2)
  Asterion (Spider:3)
  A sphinx (Vaults:1)
  2 thorn hunters
  A deep elf sorcerer (Vaults:1)
  6 emperor scorpions
  3 vault wardens (Vaults:1)
  4 ghost moths
  2 orc warlords (Vaults:1)
  5 ironbound preservers (Vaults:1)
  A very ugly thing (Swamp:4)
  An ironbound thunderhulk (Vaults:1)
  6 eleionomae
  6 dire elephants
  3 spark wasps
  2 green deaths (Swamp:4)
  5 bunyips
  5 yaktaur captains (Vaults:1)
  A fire dragon (D:14)
  6 entropy weavers
  2 shambling mangroves
  Harold (D:11)
  A vault guard (Vaults:1)
  4 great orbs of eyes
  A rakshasa (D:14)
  2 ogre magi
  14 hydras
  A spriggan air mage (Swamp:4)
  2 jorogumos
  2 ghost crabs
  An ironbound frostheart (Vaults:1)
  A hell beast (Swamp:4)
  11 centaur warriors
  A catoblepas (Lair:5)
  2 radroaches
  5 boulder beetles
  10 alligators
  7 two-headed ogres
  4 tengu warriors
  9 death yaks
  5 thrashing horrors
  4 orc high priests (Orc:2)
  Sonja (D:13)
  8 pharaoh ants
  2 sun moths (Spider:4)
  3 skeletal warriors
  2 large abominations
  A skyshark (Lair:5)
  17 deep trolls (Vaults:1)
  7 goliath frogs
  6 spriggan druids
  5 swamp dragons
  A swamp dragon (shapeshifter) (D:14)
  A deep elf archer (D:13)
  9 orb spiders
  11 bog bodies
  3 wizards
  2 steelbarb worms
  4 harpies (Vaults:1)
  5 orc knights
  An ironbound convoker (Vaults:1)
  Pikel (D:9)
  3 deep elf zephyrmancers (D:13)
  2 deep elf pyromancers
  4 orc sorcerers
  3 manticores
  25 ugly things
  5 cyclopes
  5 will-o-the-wisps
  17 wolf spiders
  6 elephants
  A guardian serpent (shapeshifter) (D:14)
  Maurice (D:10)
  A moth of wrath (Spider:3)
  13 demonic crawlers
  2 black mambas
  Joseph (D:10)
  3 smoke demons (Lair:5)
  3 vault sentinels (Vaults:1)
  10 torpor snails
  2 orange demons (Swamp:4)
  Maggie (D:8)
  9 cane toads
  3 rime drakes
  2 efreet
  7 komodo dragons
  4 yaktaurs
  4 ice devils
  An ancient zyme (Lair:5)
  A tengu conjurer (D:15)
  8 trolls
  4 bloated husks
  4 meliai
  16 hornets
  7 tyrant leeches
  16 blink frogs
  A polar bear (Lair:5)
  29 tarantellas
  7 dream sheep (Lair:5)
  A centaur simulacrum (D:14)
  24 jumping spiders
  10 spriggans
  23 culicivoras
  19 slime creatures
  50 yaks
  5 shadows
  2 wraiths
  7 wyverns
  2 ynoxinuls (Lair:5)
  2 vampires
  2 steam dragons
  9 basilisks
  A golden eye (shapeshifter) (Lair:5)
  Grum (D:9)
  72 redbacks
  A basilisk (shapeshifter) (D:13)
  27 vampire mosquitoes
  Menkaure (D:5)
  An acid dragon (D:9)
  A warg (Orc:2)
  13 swamp worms
  16 water moccasins
  8 small abominations (Lair:5)
  3 ice beasts
  22 orc warriors
  2 sky beasts
  4 black bears
  2 swamp drakes
  5 boggarts (D:14)
  14 ogres
  10 wolves
  17 centaurs
  4 lemures (D:9)
  6 kobold brigands
  8 bullfrogs
  5 gnoll sergeants
  A cane toad simulacrum (IceCv)
  A two-headed ogre simulacrum (IceCv)
  An elephant simulacrum (IceCv)
  2 electric eels (D:9)
  3 howler monkeys
  6 hounds
  3 gnoll boudas
  2 jellies
  22 orc priests
  Ijyb (D:4)
  Jessica (D:2)
  5 iguanas
  40 orc wizards
  A spriggan simulacrum (IceCv)
  A polar bear simulacrum (IceCv)
  18 gnolls
  12 adders
  A white imp (D:7)
  An ufetubus (D:6)
  3 dart slugs
  70 orcs
  5 ball pythons
  7 endoplasms
  2 giant cockroaches
  11 goblins
  6 hobgoblins
  6 jackals
  4 quokkas
  5 bats (D:1)
  A frilled lizard (D:1)
  17 kobolds
  5 rats
  15 briar patches (Swamp:1)
  A bush (Lair:5)
  A starspawn tentacle (Swamp:2)
1156 creatures vanquished.

Vanquished Creatures (collateral kills)
  the Lernaean hydra (Swamp:4)
  A vault warden (Vaults:1)
  An ironbound preserver (Vaults:1)
  A thrashing horror (Swamp:4)
  A swamp dragon (Swamp:4)
  A wolf spider (Spider:4)
6 creatures vanquished.

Vanquished Creatures (others)
  A bloated husk (Swamp:2)
  8 foxfires (Swamp:1)
  35 fungi
  42 plants
  2 starspawn tentacles (Swamp:2)
88 creatures vanquished.

Grand Total: 1250 creatures vanquished

Notes
Turn   | Place    | Note
-------+----------+-------------------------------------------
     0 | D:1      | billz999 the Demigod Ice Elementalist began the quest for
                  | the Orb.
     0 | D:1      | Reached XP level 1. HP: 14/14 MP: 5/5
   285 | D:1      | Reached XP level 2. HP: 20/20 MP: 6/8
   916 | D:2      | Reached XP level 3. HP: 21/26 MP: 6/10
   979 | D:2      | Identified the +8 whip of Ranauma {venom, rC++ Dex+8}
  1038 | D:2      | Noticed Jessica
  1050 | D:2      | Killed Jessica
  1818 | D:3      | Reached XP level 4. HP: 33/33 MP: 12/12
  2022 | D:3      | Learned a level 3 spell: Frozen Ramparts
  2104 | D:3      | Identified the +0 chain mail of Shadows and Fog {rF+}
  2198 | D:3      | Reached skill level 1 in Maces & Flails
  2300 | D:3      | Reached skill level 1 in Fighting
  2300 | D:3      | Reached XP level 5. HP: 40/40 MP: 8/14
  2448 | D:4      | Noticed Ijyb
  2453 | D:4      | Killed Ijyb
  2561 | D:4      | Got the Parchment of Turbulence
  2725 | D:4      | Found Gozag's Platinum Reserve.
  2767 | D:4      | Reached XP level 6. HP: 48/48 MP: 13/15
  3273 | D:5      | Entered Level 5 of the Dungeon
  3600 | D:5      | Noticed Menkaure
  3629 | D:5      | Reached XP level 7. HP: 56/57 MP: 12/16
  3737 | D:5      | Killed Menkaure
  3738 | D:5      | Reached skill level 5 in Maces & Flails
  4375 | D:5      | Reached skill level 5 in Ice Magic
  4869 | D:6      | Found a staircase to the Ecumenical Temple.
  4876 | D:6      | Reached XP level 8. HP: 51/63 MP: 13/17
  4985 | D:6      | Reached skill level 1 in Poison Magic
  5307 | D:6      | Reached skill level 5 in Poison Magic
  5806 | D:7      | Learned a level 4 spell: Olgreb's Toxic Radiance
  5989 | D:7      | Reached XP level 9. HP: 70/72 MP: 14/18
  6618 | D:7      | Reached skill level 5 in Fighting
  7184 | D:8      | Noticed Maggie
  7188 | D:8      | Noticed a two-headed ogre
  7194 | D:8      | Gained mutation: You are robust. (+10% HP) [potion of
                  | mutation]
  7194 | D:8      | Gained mutation: You are weak. (Str -2) [potion of
                  | mutation]
  7204 | D:8      | Killed Maggie
  7250 | D:8      | Killed a two-headed ogre
  7557 | D:8      | Reached XP level 10. HP: 73/94 MP: 13/19
  8482 | D:9      | Noticed Pikel
  8494 | D:9      | Killed Pikel
  8499 | D:9      | Noticed Grum
  8511 | D:9      | Killed Grum
  8799 | D:9      | Noticed a two-headed ogre
  8805 | D:9      | Killed a two-headed ogre
  9753 | D:9      | Found a staircase to the Lair.
 10223 | D:8      | Reached skill level 10 in Maces & Flails
 10348 | D:10     | Entered Level 10 of the Dungeon
 10368 | D:10     | Found a portal to a secret trove of treasure.
 10772 | D:10     | Noticed a tengu warrior
 10772 | D:10     | Noticed a tengu warrior
 10778 | D:10     | Killed a tengu warrior
 10778 | D:10     | Killed a tengu warrior
 10779 | D:10     | Reached XP level 11. HP: 63/106 MP: 2/20
 11210 | D:10     | Noticed Joseph
 11210 | D:10     | Noticed Maurice
 11213 | D:10     | Noticed a six-headed hydra
 11234 | D:10     | Killed a six-headed hydra
 11235 | D:10     | Killed Joseph
 11242 | D:10     | Killed Maurice
 11529 | Lair:1   | Entered Level 1 of the Lair of Beasts
 11643 | Lair:1   | Found a frozen archway.
 11846 | IceCv    | Entered an ice cave
 12461 | Lair:1   | Reached skill level 10 in Ice Magic
 13415 | Lair:1   | Found a runed translucent door.
 13514 | Lair:1   | Found a runed translucent gate.
 13515 | Lair:1   | Noticed a boulder beetle
 13516 | Lair:1   | Found a runed translucent gate.
 13518 | Lair:1   | Found a runed translucent gate.
 13518 | Lair:1   | Found a runed translucent gate.
 13518 | Lair:1   | Found a runed translucent gate.
 13518 | Lair:1   | Identified the +10 whip of Charity {holy, rCorr}
 13518 | Lair:1   | Noticed a lindwurm
 13518 | Lair:1   | Noticed a lindwurm
 13574 | Lair:1   | Found a runed translucent gate.
 13956 | Lair:2   | Noticed a death yak
 13958 | Lair:2   | Noticed a death yak
 13960 | Lair:2   | Noticed a death yak
 13961 | Lair:2   | Noticed a death yak
 13968 | Lair:2   | Killed a death yak
 13969 | Lair:2   | Reached XP level 12. HP: 114/114 MP: 2/22
 13978 | Lair:2   | Reached skill level 5 in Spellcasting
 14982 | Lair:2   | Found a hole to the Spider Nest.
 15556 | Lair:3   | Found a staircase to the Swamp.
 15786 | Lair:3   | Learned a level 7 spell: Ozocubu's Refrigeration
 17234 | Lair:4   | Found a staircase to the Slime Pits.
 17435 | Lair:4   | Identified the +1 spear "Memuoxku" {freeze, Will+}
 17530 | Lair:4   | Found a dark tunnel.
 17823 | Lair:4   | Reached skill level 10 in Spellcasting
 17914 | Lair:4   | Reached XP level 13. HP: 95/122 MP: 23/31
 18385 | Lair:5   | Entered Level 5 of the Lair of Beasts
 20550 | Lair:5   | Identified the ring of Boluhysi {Str+3 Slay+4}
 21390 | Lair:5   | Found a one-way gate to the infinite horrors of the Abyss.
 21403 | Lair:5   | Identified the +1 whip "Eviscerator" {distort, Str+3}
 21852 | D:11     | Reached skill level 15 in Ice Magic
 22596 | D:11     | Noticed Harold
 22606 | D:11     | Killed Harold
 22770 | D:11     | Found a staircase to the Orcish Mines.
 22774 | D:11     | Reached skill level 10 in Fighting
 23419 | D:12     | Reached XP level 14. HP: 134/134 MP: 12/32
 24812 | D:13     | Noticed Sonja
 24814 | D:13     | Killed Sonja
 25713 | D:13     | Noticed Jorgrun
 25717 | D:13     | Killed Jorgrun
 26946 | D:13     | Found a gate to the Vaults.
 28126 | D:14     | Reached skill level 1 in Evocations
 29089 | D:15     | Entered Level 15 of the Dungeon
 29102 | D:15     | Reached skill level 5 in Evocations
 29179 | D:15     | Reached XP level 15. HP: 151/151 MP: 18/33
 29582 | D:15     | Identified the ring of Ahuivo {rCorr Str+5 Int-5}
 29837 | D:15     | Found Cheibriados's Comfort Zone.
 30414 | D:15     | Found a staircase to the Depths.
 30863 | Swamp:1  | Entered Level 1 of the Swamp
 30929 | Swamp:1  | Noticed a thorn hunter
 31053 | Swamp:1  | Killed a thorn hunter
 31411 | Swamp:1  | Identified 2 scrolls of acquirement
 31412 | Swamp:1  | Acquired the amulet "Udongoo" {Spirit Stlth+}
 31426 | Swamp:1  | Acquired a staff of cold
 31804 | Swamp:1  | Found a transporter.
 31808 | Swamp:1  | Found a transporter.
 31808 | Swamp:1  | Noticed LobsterGuardian's ghost (journeyman DsGl)
 31812 | Swamp:1  | Noticed a tentacled monstrosity
 31828 | Swamp:1  | Learned a level 8 spell: Ignition
 31915 | Swamp:1  | Reached skill level 1 in Shields
 32628 | Swamp:1  | Noticed a tentacled starspawn
 34402 | Swamp:2  | Reached skill level 1 in Fire Magic
 35129 | Swamp:2  | Noticed Mlioglotl
 35138 | Swamp:2  | Noticed a tentacled starspawn
 35146 | Swamp:2  | Killed Mlioglotl
 35630 | Swamp:2  | Learned a level 5 spell: Borgnjor's Vile Clutch
 35756 | Swamp:3  | Reached skill level 1 in Necromancy
 35756 | Swamp:3  | Reached skill level 1 in Earth Magic
 36579 | Swamp:2  | Upgraded the game from 0.30-a0-986-g7f2e898f52 to
                  | 0.30-a0-989-g0d87f670db
 38130 | Swamp:3  | Acquired a ring of willpower
 38903 | Swamp:3  | Noticed a thorn hunter
 38908 | Swamp:3  | Killed a thorn hunter
 39322 | Spider:1 | Entered Level 1 of the Spider Nest
 39454 | Spider:1 | Acquired a +1 kite shield of protection
 39840 | Spider:1 | Reached XP level 16. HP: 160/160 MP: 16/35
 40307 | Spider:1 | Reached skill level 5 in Earth Magic
 40474 | Spider:1 | Reached skill level 5 in Necromancy
 41815 | Spider:2 | Found a runed translucent door.
 41815 | Spider:2 | Noticed jasper's ghost (adept DsCA)
 44005 | Spider:2 | Acquired the +2 demon whip of Stickiness {freeze, Str+2
                  | Int-3 Stlth+}
 44665 | Spider:2 | Reached skill level 5 in Shields
 44819 | Spider:2 | Learned a level 4 spell: Dispel Undead
 45001 | Spider:3 | Noticed Asterion
 45195 | Spider:3 | Killed Asterion
 46474 | Spider:3 | Noticed Arachne
 46495 | Spider:3 | Killed Arachne
 47148 | Spider:3 | Acquired the +2 pair of gloves "Hynifre" {rF+ rC- Will+}
 47626 | Spider:4 | Entered Level 4 of the Spider Nest
 48473 | Spider:4 | Reached skill level 10 in Shields
 48572 | Spider:4 | Reached XP level 17. HP: 167/167 MP: 15/36
 49833 | Spider:4 | Got a gossamer rune of Zot
 50156 | Swamp:4  | Entered Level 4 of the Swamp
 51658 | Swamp:4  | Noticed the 27-headed Lernaean hydra
 51667 | Swamp:4  | Killed the 27-headed Lernaean hydra
 52325 | Swamp:4  | Got a decaying rune of Zot
 52725 | Orc:1    | Entered Level 1 of the Orcish Mines
 52969 | Orc:2    | Entered Level 2 of the Orcish Mines
 52969 | Orc:2    | Found a staircase to the Elven Halls.
 53291 | Orc:2    | Found Qyrr's Book Shop.
 53395 | Orc:2    | Reached skill level 10 in Evocations
 53540 | Orc:2    | Found Wanep's General Store.
 53540 | Orc:2    | Found Hahemedd's Magic Scroll Shop.
 53540 | Orc:2    | Found Maneg's Assorted Antiques.
 53604 | Orc:2    | Found Quuniugu's Book Boutique.
 53634 | Orc:2    | Bought a scroll of acquirement for 676 gold pieces
 53634 | Orc:2    | Acquired the +0 helmet of Beogh's Envy {Dex+5}
 54572 | Vaults:1 | Entered Level 1 of the Vaults
 55541 | Vaults:1 | Reached XP level 18. HP: 123/178 MP: 7/38
 56257 | Vaults:1 | Found Qaupru Zozo's Assorted Antiques.
 57368 | Vaults:1 | Reached skill level 15 in Fighting
 59197 | Vaults:1 | Noticed Nikola
 59204 | Vaults:1 | Killed from afar by Nikola

Illustrated notes

Levels and vault maps discovered:
D:1:      scummos_arrival_simple_fountains, layout_basic, fountainhead
D:2:      layout_basic, uniq_jessica
D:3:      layout_rooms, amcnicky_altar_gilded, grunt_decor_one_mirror
D:4:      layout_basic, kennysheep_slug_shrine, nicolae_gozag_zags_fifth_avenue,
          chequers_serial_rivers_large_a, kennysheep_flooded_box, uniq_ijyb
D:5:      layout_gridville, zin_treasury, minmay_misc_feat_pillars,
          uniq_menkaure
D:6:      minmay_angry_zag, layout_gridville, minmay_temple_entry_large_hall
D:7:      layout_layer_cave, mainiacjoe_overflow_paths, lemuel_blue_sif_altar,
          roderic_lattice_a, kennysheep_generic_room_15
D:8:      layout_basic, nicolae_overflow_crystal_walls, enter_bailey_7,
          nrook_uturn, uniq_maggie
D:9:      layout_irregular_city, erik_lair_island, uniq_grum, uniq_pikel
D:10:     layout_loops_ring, lemuel_coloured_pillars_altar, enter_trove_1,
          uniq_maurice, uniq_joseph
D:11:     layout_loops_ring, kennysheep_orc_monster_closet_entryway, uniq_harold
D:12:     layout_roguey
D:13:     layout_basic, hangedman_vaults_entry_quadrant_bands, uniq_sonja,
          uniq_jorgrun
D:14:     minmay_box_of_statues, layout_cave_pools
D:15:     hangedman_depths_entry_try_elsewhere_first, layout_rooms,
          grunt_ministairs_13, minmay_shop_chei
Lair:1:   gammafunk_indiana_jones, layout_concentric_octagons,
          portal_ice_cave_demonic_guard, serial_bayou_crossing
Lair:2:   layout_loops_ring, spider_nest_entry_webs, minivault_25
Lair:3:   layout_cave_pods, skrybe_swamp_entry_bodies
Lair:4:   layout_layer_cave, slime_entry_1, nicolae_volcano_entry_lava_flow,
          minmay_lair_oklob_bushes, lemuel_fruit_fields
Lair:5:   hellmonk_lair_end_abyssal_woods, layout_small_grid, lemuel_fruit_tree
Swamp:1:  layout_basic_swamp, gammafunk_ghost_abyssal_escape,
          infiniplex_staircase_pool_2, swamp_pool4
Swamp:2:  layout_falls_marsh, nicolae_swamp_little_tower, uniq_mlioglotl
Swamp:3:  layout_basic_swamp, nicolae_swamp_oxbows, swamp_pool3
Swamp:4:  swamp_vile, layout_basic_swamp, swamp_pool3, nicolae_swamp_bean_lake,
          infiniplex_staircase_pool
Spider:1: layout_spider_delve
Spider:2: layout_spider_delve, ebering_ghost_inner_flame
Spider:3: layout_spider_delve, nicolae_spider_not_touching_you, uniq_arachne,
          uniq_asterion
Spider:4: spider_rune_water
Orc:1:    layout_caves
Orc:2:    st_orc_mages, layout_caves, serial_shops, shop_statue
Vaults:1: mu_enter_wizlab_5, nicolae_vaults_minivaults,
          vaults_dpeg_emergency_exit, v_alt_pattern_1, v_rooms_5, v_misc_4,
          v_misc_28, nicolae_vaults_sealed_display,
          nicolae_vaults_ring_of_whatevers, nicolae_vaults_ring_of_whatevers,
          grunt_vaults_funnel, v_misc_24, nicolae_vaults_network_quinsquares
          [nicolae_vaults_network_quincunx_subvault,
          nicolae_vaults_network_quincunx_subvault,
          nicolae_vaults_network_quincunx_subvault,
          nicolae_vaults_network_quincunx_subvault], v_misc_16,
          ontoclasm_vaults_idyll, layout_vaults_maze, serial_shops,
          nicolae_shop_behind_doors, uniq_nikola

Skill      XL: |  1  2  3  4  5  6  7  8  9 10 11 12 13 14 15 16 17 18 |
---------------+-------------------------------------------------------+-----
Spellcasting   | 2 3 4 10 11 | 11.2
Maces & Flails | 1 3 4 5 6 8 10 11 | 11.5
Fighting       | 1 2 3 4 7 9 10 14 15 | 15.2
Ice Magic      | 5 6 7 12 15 | 15.0
Poison Magic   | 7 |  7.0
Evocations     | 5 9 11 | 11.0
Shields        | 4 10 12 13 | 13.2
Fire Magic     | 3 |  3.8
Necromancy     | 4 5 |  5.9
Earth Magic    | 4 6 |  6.0
Dodging        | |  1.7
Stealth        | |  1.7

Action                     |  1- 3 |  4- 6 |  7- 9 | 10-12 | 13-15 | 16-18 || total
---------------------------+-------+-------+-------+-------+-------+-------++-------
  Melee: Whip              |     7 |    44 |   123 |   385 |   501 |   134 ||  1194
         Punch             |       |     1 |     2 |     7 |    12 |       ||    22
         Staff             |       |       |       |       |     1 |     7 ||     8
         Demon whip        |       |       |       |       |       |    10 ||    10
         Morningstar       |       |       |       |       |       |    61 ||    61
   Fire: Sling             |    58 |    68 |    32 |       |       |       ||   158
  Throw: Dart              |       |       |     1 |       |       |       ||     1
   Cast: Freeze            |    31 |    10 |    16 |    85 |    25 |     1 ||   168
         Frozen Ramparts   |       |    12 |    37 |    60 |    20 |     3 ||   132
         Olgreb's Toxic Ra |       |       |     2 |    60 |    57 |    17 ||   136
         Ozocubu's Refrige |       |       |       |       |   305 |   501 ||   806
         Borgnjor's Vile C |       |       |       |       |     5 |    82 ||    87
  Evoke: Wand              |       |       |     3 |    11 |    13 |    15 ||    42
         Lightning rod     |       |       |       |       |     5 |    26 ||    31
         Tin of tremorston |       |       |       |       |     2 |     6 ||     8
         Box of beasts     |       |       |       |       |       |     3 ||     3
         Phantom mirror    |       |       |       |       |       |     3 ||     3
    Use: Scroll            |     2 |       |       |    10 |    16 |    18 ||    46
         Potion            |       |       |     3 |     1 |     2 |     7 ||    13
   Stab: Sleeping          |       |     1 |     2 |     3 |     1 |       ||     7
         Invisible         |       |       |     2 |       |     1 |       ||     3
 Armour: Robe              |     4 |    12 |    34 |   105 |   168 |   103 ||   426
  Dodge: Dodged            |    31 |    50 |    86 |   192 |   237 |   124 ||   720
  Block: Buckler           |       |       |       |       |    11 |    26 ||    37
         Kite shield       |       |       |       |       |       |   207 ||   207

Table legend: (Time is in decaauts)
 A = Elapsed time spent in this place.
 B = Non-inter-level travel time spent in this place.
 C = Inter-level travel time spent in this place.
 D = Time resting spent in this place.
 E = Time spent auto-exploring this place.
 F = Levels seen in this place.
 G = Mean time per level.
                   A        B        C        D        E       F      G
               +--------+--------+--------+--------+--------+-----+--------+
         Total |  59377 |  55028 |   4349 |  24063 |  21668 |  32 | 1855.5 |
       Dungeon |  23078 |  21346 |   1732 |   7265 |  10637 |  15 | 1538.5 |
          Lair |   9922 |   8657 |   1265 |   1945 |   5437 |   5 | 1984.4 |
         Swamp |  10679 |  10341 |    338 |   7015 |   1957 |   4 | 2669.8 |
   Spider Nest |  10744 |   9935 |    809 |   6406 |   1758 |   4 | 2686.0 |
  Orcish Mines |   1754 |   1675 |     79 |    376 |   1064 |   2 |  877.0 |
        Vaults |   2662 |   2537 |    125 |    690 |    807 |   1 | 2662.0 |
      Ice Cave |    536 |    536 |      0 |    365 |      7 |   1 |  536.0 |
               +--------+--------+--------+--------+--------+-----+--------+

Top non-repeatable levels by time:
Spider:2: 3926 daAuts
 Swamp:2: 3635 daAuts
    D:13: 3395 daAuts
  Lair:5: 3078 daAuts
Spider:3: 2942 daAuts
     D:9: 2936 daAuts
Vaults:1: 2662 daAuts
 Swamp:3: 2656 daAuts
Spider:1: 2321 daAuts
 Swamp:1: 2259 daAuts
 Swamp:4: 2128 daAuts
  Lair:3: 2052 daAuts
    D:14: 1964 daAuts
    D:12: 1935 daAuts
  Lair:2: 1747 daAuts
